 Dungeon Crawl Stone Soup version 0.27-a0-1612-gde56a17b89 (webtiles) character file.

Game seed: 5237725028144859354

128 Anon1729 the Ducker (level 5, -6/42 HPs)
             Began as a Merfolk Monk on July 21, 2021.
             Mangled by a gnoll sergeant (8 damage)
             ... on level 3 of the Dungeon.
             The game lasted 00:05:50 (4878 turns).

Anon1729 the Ducker (Merfolk Monk)                  Turns: 4878, Time: 00:05:51

Health: -6/42      AC:  2    Str: 11    XL:     5   Next: 11%
Magic:  6/6        EV: 13    Int: 11    God:
Gold:   188        SH:  4    Dex: 16    Spells: 6/6 levels left

rFire    . . .     SeeInvis .     - Unarmed
rCold    . . .     Faith    .   k - +0 buckler
rNeg     . . .     Spirit   .   a - +0 robe
rPois    .         Reflect  .   (no helmet)
rElec    .         Harm     .   (no cloak)
rCorr    .         Rampage  .   (no gloves)
Will     .....                  (no boots)
Stlth    ++........             (no amulet)
HPRegen  0.14/turn              (no ring)
MPRegen  0.10/turn              (no ring)

@: no status effects
A: (nimble swimmer 2), mertail
a: no special abilities


You were on level 3 of the Dungeon.
You visited 1 branch of the dungeon, and saw 4 of its levels.

You collected 188 gold pieces.

Inventory:

Hand Weapons
 n - a +1 dagger of venom
Missiles
 o - 16 poisoned darts (quivered)
Armour
 a - a +0 robe (worn)
 k - a +0 buckler (worn)
Scrolls
 b - a scroll of magic mapping {unknown}
 c - 5 scrolls of identify {unknown}
 e - a scroll of amnesia {unknown}
 j - a scroll of silence {unknown}
 m - a scroll of vulnerability {unknown}
Potions
 d - a potion of curing {unknown}
 f - 2 potions of haste {unknown}
 g - a potion of flight {unknown}
 h - a potion of heal wounds
 i - 2 potions of might {unknown}
 l - a potion of resistance {unknown}


   Skills:
 + Level 3.8 Fighting
 + Level 4.7 Dodging
 + Level 3.2 Stealth
 + Level 1.0 Shields
 + Level 4.1 Unarmed Combat
 + Level 1.0 Spellcasting
 + Level 1.7 Transmutations


You had 6 spell levels left.
You didn't know any spells.
Your spell library contained the following spells:

 Spells                   Type           Power      Damage    Failure   Level
 Ensorcelled Hibernation  Hex/Ice        0%         N/A       56%         2
 Spider Form              Tmut/Pois      1%         N/A       69%         3
 Shadow Creatures         Summ           N/A        N/A       100%        6


Dungeon Overview and Level Annotations

Branches:
Dungeon (4/15)
 Temple: D:4-7

Altars:
Elyvilon
Vehumet

Annotations:
D:3 exclusion: statue


Innate Abilities, Weirdness & Mutations

((You are quick and stealthy near water. (Stealth+, EV+, Speed+++)))
Your lower body shifts to a powerful aquatic tail in water.


Message History

The poisoned dart hits the gnoll sergeant.
The gnoll sergeant is lightly wounded.
You throw a poisoned dart.
The poisoned dart hits the gnoll sergeant.
The gnoll sergeant is lightly wounded.
The gnoll sergeant hits you from afar with a +0 spear!
You block the gnoll sergeant's attack.
You hit the gnoll sergeant.
The gnoll sergeant is moderately wounded.
The gnoll sergeant hits you with a +0 spear.
You hit the gnoll sergeant.
The gnoll sergeant is moderately wounded.
The gnoll sergeant misses you.
You hit the gnoll sergeant but do no damage.
The gnoll sergeant is moderately wounded.
The gnoll sergeant barely misses you.
You closely miss the gnoll sergeant.
The gnoll sergeant is moderately wounded.
The gnoll sergeant closely misses you.
You hit the gnoll sergeant.
The gnoll sergeant is heavily wounded.
The gnoll sergeant barely misses you.
You hit the gnoll sergeant.
The gnoll sergeant is severely wounded.
The gnoll sergeant hits you with a +0 spear!
You barely miss the gnoll sergeant.
The gnoll sergeant is severely wounded.
The gnoll sergeant hits you with a +0 spear!
* * * LOW HITPOINT WARNING * * *
You are too injured to fight recklessly!
You are too injured to fight recklessly!
You are too injured to fight recklessly!
You hit the gnoll sergeant but do no damage.
The gnoll sergeant is severely wounded.
The gnoll sergeant hits you with a +0 spear!
* * * LOW HITPOINT WARNING * * *
You hit the gnoll sergeant but do no damage.
The gnoll sergeant is almost dead.
The gnoll sergeant hits you with a +0 spear!
You die...

........##..#...'..............)#
........###.#.###........####.#<#
###########.#.#.#......#......#.#
#.......#.#....#+#.#....###.#
#.......#.#.#.##.#.#.....##.#
#.........#.#.##............#
#......#..#+#+####.#.##....##
#......#.>).....##.......#.##
#.....[..((g@...'........#.##
##......(.....(.###.####.#...
#..............# #.# #.####
#......<##'#######.# #.#
##.....###.........####.# #.....#
#..............# #.....#
##.......####### #.....#
#.......# #.....# #.......#


You could see a gnoll sergeant (poisoned).

Vanquished Creatures
  Jessica (D:3)
  A howler monkey skeleton (D:4)
  A gnoll (D:3)
  An adder (D:3)
  2 worms
  3 dart slugs
  5 ball pythons
  5 endoplasms
  3 giant cockroaches (D:3)
  5 hobgoblins
  8 kobolds
  A quokka (D:3)
  5 bats
  3 frilled lizards
  10 goblins
  2 quokka skeletons (D:4)
  5 rats
61 creatures vanquished.

Notes
Turn   | Place    | Note
-------+----------+-------------------------------------------
     0 | D:1      | Anon1729 the Merfolk Monk began the quest for the Orb.
     0 | D:1      | Reached XP level 1. HP: 18/18 MP: 1/1
   359 | D:1      | Reached XP level 2. HP: 24/24 MP: 2/2
  1085 | D:2      | Reached XP level 3. HP: 7/29 MP: 3/3
  1178 | D:2      | Found a white marble altar of Elyvilon.
  2589 | D:3      | Found a radiant altar of Vehumet.
  2589 | D:3      | Noticed a charred statue
  2757 | D:3      | Reached skill level 1 in Transmutations
  2850 | D:3      | Reached XP level 4. HP: 33/37 MP: 4/4
  2906 | D:3      | Noticed Jessica
  2914 | D:3      | Killed Jessica
  3391 | D:4      | Noticed a gnoll sergeant
  3394 | D:4      | Noticed a black bear
  3400 | D:4      | Noticed a necrophage
  4148 | D:4      | Noticed a scorpion
  4301 | D:4      | Reached skill level 1 in Shields
  4301 | D:4      | Reached XP level 5. HP: 24/42 MP: 6/6
  4489 | D:3      | Reached skill level 1 in Spellcasting
  4877 | D:3      | HP: 2/42 [gnoll sergeant (7)]
  4878 | D:3      | Mangled by a gnoll sergeant

Illustrated notes

Levels and vault maps discovered:
D:1:      lemuel_arrival_funnel, layout_loops_cross
D:2:      layout_loops_cross, basic_altar, minmay_misc_feat_alley
D:3:      layout_basic, vehumet_statue, kennysheep_jessica_study
D:4:      layout_loops_ring, minmay_snake_closets, uniq_robin

Skill      XL: |  1  2  3  4  5 |
---------------+----------------+-----
Transmutations | 1 |  1.7
Stealth        | 3 |  3.2
Unarmed Combat | 4 |  4.1
Shields        | 1 |  1.0
Spellcasting   | 1 |  1.0
Fighting       | |  3.8
Dodging        | |  4.7

Action                   |  1- 3 |  4- 6 || total
-------------------------+-------+-------++-------
Melee: Unarmed           |   169 |    97 ||   266
       Punch             |     2 |       ||     2
Throw: Dart              |       |     4 ||     4
  Use: Potion            |       |     1 ||     1
 Stab: Sleeping          |     4 |     6 ||    10
Armor: Robe              |    22 |    13 ||    35
Dodge: Dodged            |    85 |    67 ||   152
Block: Buckler           |    18 |    24 ||    42

Table legend: (Time is in decaauts)
 A = Elapsed time spent in this place.
 B = Non-inter-level travel time spent in this place.
 C = Inter-level travel time spent in this place.
 D = Time resting spent in this place.
 E = Time spent auto-exploring this place.
 F = Levels seen in this place.
 G = Mean time per level.
                   A        B        C        D        E       F      G
               +--------+--------+--------+--------+--------+-----+--------+
         Total |   4888 |   4565 |    323 |   1410 |   2322 |   4 | 1222.0 |
       Dungeon |   4888 |   4565 |    323 |   1410 |   2322 |   4 | 1222.0 |
               +--------+--------+--------+--------+--------+-----+--------+

Top non-repeatable levels by time:
     D:2: 1868 daAuts
     D:3: 1658 daAuts
     D:1: 1081 daAuts
     D:4: 279 daAuts
